 Dungeon Crawl Stone Soup version 0.20.1-1-g8b1a95d (webtiles) character file.

1649 aspa the Thaumaturge (level 9, -3/51 HPs)
             Began as an Octopode Wizard on Aug 18, 2017.
             Slain by a slave (5 damage)
             ... led by Pikel
             ... on level 5 of the Dungeon.
             The game lasted 00:46:50 (10033 turns).

aspa the Thaumaturge (Octopode Wizard)             Turns: 10033, Time: 00:46:50

Health: -3/51      AC:  2    Str:  7    XL:     9   Next: 0%
Magic:  12/23      EV: 13    Int: 23    God:
Gold:   388        SH:  0    Dex: 10    Spells: 15/28 levels left

rFire    + + .     SeeInvis .   K - +0 spear
rCold    + . .     Gourm    .   (no shield)
rNeg     . . .     Faith    .   A - +1 hat
rPois    .         Spirit   .   (no amulet)
rElec    .         Reflect  .   E - ring of protection from magic
rCorr    .         Harm     .   m - ring of protection from cold
MR       ++...                  i - ring of protection from cold
Stlth    +++.......             d - ring of fire
Regen    0.2/turn               w - ring of protection from magic
MPRegen  0.2/turn               h - ring of protection from fire
                                (no ring)
                                (no ring)

@: no status effects
A: almost no armour, stealthy swim, amphibious, 8 rings, constrict 8, camouflage
1, gelatinous body 1
a: no special abilities


You were on level 5 of the Dungeon.
You were not hungry.

You visited 1 branch of the dungeon, and saw 6 of its levels.

You collected 388 gold pieces.

Inventory:

Hand Weapons
 K - a +0 spear (weapon)
Armour
 r - a +0 buckler
 A - a +1 hat (worn)
Jewellery
 d - a ring of fire (on tentacle)
 h - a ring of protection from fire (on tentacle)
 i - a ring of protection from cold (on tentacle)
 m - a ring of protection from cold (right tentacle)
 w - a ring of protection from magic (on tentacle)
 E - a ring of protection from magic (left tentacle)
Wands
 l - a wand of iceblast (8/15)
 B - a wand of random effects (15/48)
 F - a wand of iceblast (4/15)
Scrolls
 a - a scroll of torment {unknown}
 j - 5 scrolls of remove curse
 k - 4 scrolls of fear {unknown}
 n - a scroll of amnesia {unknown}
 p - 7 scrolls of identify
 s - a scroll of fog {unknown}
 t - a scroll of teleportation
 u - a scroll of silence {unknown}
 v - 2 scrolls of blinking {unknown}
 x - 3 scrolls of enchant armour {unknown}
 y - a scroll of magic mapping {unknown}
 z - a scroll of noise {unknown}
 D - 2 scrolls of recharging
Potions
 e - a potion of lignification
 g - a potion of cancellation {unknown}
 o - a potion of might
 H - a potion of agility {unknown}
 I - a potion of ambrosia {unknown}
Books
 b - a book of Minor Magic

   Spells                             Type                      Level
   a - Magic Dart                     Conjuration                  1
   b - Blink                          Translocation                2
   c - Call Imp                       Summoning                    2
   d - Slow                           Hexes                        2
   e - Conjure Flame                  Conjuration/Fire             3
   f - Mephitic Cloud                 Conjuration/Poison/Air       3
Comestibles
 c - 7 bread rations
 f - 4 royal jellies
 q - 2 meat rations


   Skills:
 - Level 2.0 Dodging
 - Level 2.6 Stealth
 + Level 10.2 Spellcasting
 - Level 3.0 Conjurations
 - Level 1.0 Summonings
 - Level 1.0 Translocations
 - Level 0.2 Evocations


You had 15 spell levels left.
You knew the following spells:

 Your Spells              Type           Power        Failure   Level  Hunger
a - Magic Dart            Conj           ####         1%          1    None
b - Call Imp              Summ           ###.....     5%          2    None
c - Mephitic Cloud        Conj/Pois/Air  ###.....     11%         3    None
d - Blink                 Tloc           N/A          5%          2    None
e - Slow                  Hex            ##......     9%          2    None
f - Conjure Flame         Conj/Fire      ####....     9%          3    None


Dungeon Overview and Level Annotations

Branches:
Dungeon (6/15)
 Temple: D:4-7

Altars:
Makhleb
Okawaru

Annotations:
D:6 Agrougrou's ghost, novice OgMo; Edmund


Innate Abilities, Weirdness & Mutations

You cannot wear most types of armour.
You are very stealthy in the water. (Stealth+)
You are amphibious.
You can wear up to eight rings at the same time.
You can use your tentacles to constrict eight enemies at once.
Your skin changes colour to match your surroundings (Stealth+).
Your rubbery body absorbs attacks. (AC +1, EV +1)


Message History

The magic dart hits Menkaure.
Menkaure is almost destroyed.
Your crimson imp barely misses Menkaure.
Casting: Magic Dart
Confirm with . or Enter, or press ? or * to list all spells.
Aiming: Magic Dart
Press: ? - help, Shift-Dir - straight line, f/p - Menkaure
Aim: Menkaure (almost destroyed, fast)
The magic dart hits Menkaure.
You destroy Menkaure!
You have reached level 9!
Your experience leads to an increase in your attributes!
Increase (S)trength, (I)ntelligence, or (D)exterity?
You feel clever.
Your crimson imp blinks!
There is a stone staircase leading up here.
You climb upwards.
Your summoned ally is left behind.
The slave hits you!
* * * LOW HITPOINT WARNING * * *
The slave hits you.
You die...

.#...#......####.....# #.#
.####..........#.###.#####.#
####....####...#.# #.......#
...............#.###########
..##...#...............#
.......#....[......###.#
...#...............###.#
.#.'...#...............#
.#.#...#....#...@......#
.#...............p.....#
.#.....................#
.#.......).........###.#
...#...............# #.#
##.#...............# #.#
...#...#...#.####### #.#
..###..###.........# #.#
..###..# #.........# #.#####


You could see a slave.

Vanquished Creatures
  The ghost of dscm the Skirmisher, an amateur DsFi (D:4)
  Menkaure (D:6)
  A water moccasin (D:5)
  An ice beast (D:5)
  2 ogres
  A centaur (D:5)
  4 scorpions
  2 crimson imps (D:5)
  3 orc priests
  A hound (D:6)
  A jelly (D:6)
  A bullfrog skeleton (D:5)
  Jessica (D:2)
  2 iguanas
  8 worker ants
  3 adders
  A shadow imp (D:5)
  4 oozes
  A worm (D:4)
  A dart slug (D:3)
  3 leopard geckos
  25 orcs
  3 giant cockroaches
  9 goblins
  9 hobgoblins
  4 jackals
  9 kobolds
  2 quokkas (D:4)
  12 bats
  4 frilled lizards
  7 rats
127 creatures vanquished.

Vanquished Creatures (collateral kills)
  An ogre (D:6)
  A hound (D:5)
  An orc priest (D:4)
  An orc wizard (D:4)
  A worker ant (D:4)
  An adder (D:2)
  3 orcs
  A goblin (D:3)
  A jackal (D:5)
  A quokka (D:2)
12 creatures vanquished.

Grand Total: 139 creatures vanquished

Notes
Turn   | Place    | Note
-------+----------+-------------------------------------------
     0 | D:1      | aspa the Octopode Wizard began the quest for the Orb.
     0 | D:1      | Reached XP level 1. HP: 11/11 MP: 4/4
   435 | D:1      | Reached XP level 2. HP: 14/17 MP: 3/6
   439 | D:1      | Learned a level 2 spell: Call Imp
  1024 | D:2      | Reached XP level 3. HP: 21/21 MP: 4/8
  1029 | D:2      | Learned a level 3 spell: Mephitic Cloud
  1032 | D:2      | Learned a level 2 spell: Blink
  1055 | D:1      | Reached skill level 4 in Spellcasting
  2097 | D:2      | Reached XP level 4. HP: 27/27 MP: 4/10
  2102 | D:2      | Learned a level 3 spell: Conjure Flame
  2202 | D:2      | Noticed Jessica
  2249 | D:2      | Killed Jessica
  2569 | D:2      | Reached skill level 5 in Spellcasting
  2648 | D:2      | Learned a level 2 spell: Slow
  2902 | D:3      | Reached XP level 5. HP: 31/31 MP: 4/12
  4145 | D:5      | Entered Level 5 of the Dungeon
  4269 | D:4      | Noticed dscm's ghost (amateur DsFi)
  4932 | D:4      | Reached skill level 6 in Spellcasting
  4934 | D:4      | Reached XP level 6. HP: 36/36 MP: 2/15
  5728 | D:4      | Found an iron altar of Okawaru.
  5892 | D:4      | Reached skill level 7 in Spellcasting
  6134 | D:4      | Reached XP level 7. HP: 41/41 MP: 6/17
  6798 | D:6      | Found a burning altar of Makhleb.
  7156 | D:5      | Reached skill level 8 in Spellcasting
  7934 | D:5      | Reached XP level 8. HP: 46/46 MP: 4/20
  8117 | D:4      | Killed dscm's ghost
  8117 | D:4      | Reached skill level 9 in Spellcasting
  8745 | D:6      | Noticed Agrougrou's ghost (novice OgMo)
  9090 | D:6      | Noticed Edmund
  9487 | D:6      | Reached skill level 10 in Spellcasting
  9647 | D:6      | Noticed Menkaure
 10026 | D:6      | Killed Menkaure
 10026 | D:6      | Reached XP level 9. HP: 9/51 MP: 10/23
 10033 | D:5      | HP: 2/51 [slave[Pikel] (9)]
 10033 | D:5      | Slain by a slave

Skill      XL: |  1  2  3  4  5  6  7  8 |
---------------+-------------------------+-----
Spellcasting   | 4 5 6 7 8 10 | 10.2
Conjurations   | 3 |  3.0
Dodging        | |  2.0
Stealth        | |  2.6
Summonings     | |  1.0
Translocations | |  1.0
Evocations     | |  0.2

Action                   |  1- 3 |  4- 6 |  7- 9 || total
-------------------------+-------+-------+-------++-------
Melee: Whip              |    18 |       |       ||    18
       Constrict         |    10 |    22 |    15 ||    47
       Unarmed           |    14 |    67 |    35 ||   116
       Tentacles         |     3 |    10 |     6 ||    19
       Spear             |       |       |    22 ||    22
 Cast: Magic Dart        |    86 |   191 |   154 ||   431
       Call Imp          |     2 |    15 |    22 ||    39
       Mephitic Cloud    |       |    11 |    21 ||    32
       Conjure Flame     |       |     5 |    12 ||    17
       Slow              |       |     3 |       ||     3
       Blink             |       |       |     8 ||     8
Evoke: Wand              |     1 |       |     3 ||     4
  Use: Scroll            |     2 |     2 |     3 ||     7
       Potion            |       |     7 |     2 ||     9
 Stab: Sleeping          |     8 |     2 |       ||    10
       Confused          |       |     3 |     4 ||     7
  Eat: Chunk             |     4 |    12 |     5 ||    21
       Bread ration      |       |       |     2 ||     2
Armor: Skin              |     4 |     3 |     3 ||    10
Dodge: Dodged            |    32 |    49 |    26 ||   107
